 Dungeon Crawl Stone Soup version 0.32-a0-520-g344ed53f66 (webtiles) character file.

Game seed: 5336735946961147369

3983 Sanktem7 the Cleaver (level 10, -3/86 HPs)
             Began as a Minotaur Fighter on Feb 27, 2024.
             Slain by a fire elemental (5 damage)
             ... summoned by a deep elf pyromancer
             ... on level 8 of the Dungeon.
             The game lasted 00:11:57 (7692 turns).

Sanktem7 the Cleaver (Minotaur Fighter)             Turns: 7692, Time: 00:11:57

Health: -3/86      AC: 17    Str: 24    XL:     10   Next: 2%
Magic:  15/15      EV:  8    Int:  5    God:
Gold:   389        SH:  7    Dex: 11    Spells: 17/17 levels left

rFire   . . .        a - +0 war axe {axe}
rCold   . . .        u - +2 buckler
rNeg    . . .        q - +0 chain mail
rPois   .            (helmet restricted)
rElec   .            y - +2 cloak
rCorr   .            t - +0 pair of gloves
SInv    .            m - +1 pair of boots
Will    .....        C - amulet of the acrobat Stlth
                     (no ring)
HPRegen 0.34/turn    (no ring)
MPRegen 0.14/turn

%: acrobat
@: no status effects
A: horns 2, retaliatory headbutt
a: no special abilities


You were on level 8 of the Dungeon.
You visited 2 branches of the dungeon, and saw 10 of its levels.
You also visited: Ossuary.

You collected 506 gold pieces.
You spent 117 gold pieces at shops.


Innate Abilities, Weirdness & Mutations

You have a pair of horns on your head.
You reflexively headbutt those who attack you in melee.


   Skills:
 + Level 7.5 Fighting
 * Level 9.5 Axes
 + Level 4.7 Throwing
 + Level 7.2 Armour
 + Level 7.3 Shields
 * Level 4.2 Spellcasting


You had 17 spell levels left.
You didn't know any spells.
Your spell library contained the following spells:

 Spells                   Type           Power      Damage    Failure   Level
 Frozen Ramparts          Ice            2%         1d1       99%         3
 Fugue of the Fallen      Necr           1%         N/A       99%         3
 Ozocubu's Armour         Ice            1%         N/A       99%         3
 Leda's Liquefaction      Alch/Erth      0%         N/A       100%        4
 Manifold Assault         Tloc           1%         N/A       100%        4
 Petrify                  Alch/Erth      1%         N/A       100%        4
 Metabolic Englaciation   Hex/Ice        0%         N/A       100%        5

Inventory:

Hand Weapons
 a - a +0 war axe (weapon) {axe}
 l - a +5 hand axe {axe}
   (You found it on level 6 of the Dungeon)
 D - a +2 vampiric short sword {short}
   (You took it off Duvessa on level 7 of the Dungeon)
 F - a +2 dire flail of protection {mace}
   (You took it off Edmund on level 5 of the Dungeon)
Missiles
 g - 5 curare-tipped darts {=fthrowing}
 k - 8 boomerangs (quivered) {throwing}
 n - 7 stones {throwing}
 B - 2 atropa-tipped darts {throwing}
 G - 4 poisoned darts {throwing}
Armour
 m - a +1 pair of boots (worn)
   (You found it on level 1 of the Dungeon)
 q - a +0 chain mail (worn)
   (You took it off an orc on level 5 of the Dungeon)
 t - a +0 pair of gloves (worn)
   (You bought it in a shop on level 6 of the Dungeon)
 u - a +2 buckler (worn)
   (You found it on level 4 of the Dungeon)
 y - a +2 cloak (worn)
   (You found it on level 4 of the Dungeon)
Jewellery
 C - an amulet of the acrobat (around neck)
   (You found it on level 4 of the Dungeon)
Wands
 b - a wand of mindburst (10)
   (You found it on level 7 of the Dungeon)
Scrolls
 e - 2 scrolls of immolation {!r!r}
 h - a scroll of poison {!r}
 i - 6 scrolls of teleportation {@r4}
 p - 3 scrolls of identify {@r1}
 s - 2 scrolls of amnesia
 v - 3 scrolls of enchant weapon
 w - a scroll of noise {!r}
 E - a scroll of blinking {unknown}
 H - a scroll of summoning {unknown}
Potions
 c - 3 potions of curing {@q1}
 d - 2 potions of might
 f - 2 potions of brilliance
 j - a potion of mutation {unknown}
 o - 3 potions of attraction {!q}
 r - a potion of magic {unknown}
 x - a potion of ambrosia {unknown}
 z - a potion of haste {unknown}
 A - 2 potions of lignification {!q}

Dungeon Overview and Level Annotations

Branches:
Dungeon (9/15) Zot: 26414  Temple (1/1) D:4 Zot: 5905 Ossuary (visited)
   Lair: D:8-11         Orc: D:9-12

Altars:
Ashenzari
Cheibriados
Dithmenos
Elyvilon
Fedhas
Gozag
Hepliaklqana
Kikubaaqudgha
Makhleb
Okawaru
Qazlal
Ru
Sif Muna
Trog
Uskayaw
Vehumet
Wu Jian
Xom
Yredelemnul
Zin
The Shining One

Shops:
D:5 :   D:6 [

Annotations:
D:9 4 runed translucent doors

#... ...# .... ...# ##
###... ..... ###.
##....## ..... ###...
#......## ......###.....
#.......##....###<......
#.....Y.........###.....
#....†E@........ ###...
#....°##........ ###.
#....####....... ##
#..°.# #...... ##.°..#
#....# ####.....# .#...
#####........## ....
.......>......# ....
####.........§...


You could see a yak and a fire elemental (summoned).


Message History

You throw a boomerang {throwing}.
The boomerang {throwing} barely misses the two-headed ogre.
The boomerang {throwing} hits the deep elf pyromancer.
Throw: 8 boomerangs {throwing}
Press: ? - help, Q - select action, (/) - cycle Shift-Dir - straight line, f/p - two-headed ogre
Aim: a two-headed ogre, wielding two +0 giant clubs (74% to hit)
You throw a boomerang {throwing}.
The boomerang {throwing} hits the two-headed ogre.
Throw: 8 boomerangs {throwing}
Press: ? - help, Q - select action, (/) - cycle Shift-Dir - straight line, f/p - two-headed ogre
Aim: a two-headed ogre, wielding two +0 giant clubs (lightly wounded, 74% to hit)
You throw a boomerang {throwing}.
The boomerang {throwing} hits the two-headed ogre but does no damage.
Throw: 8 boomerangs {throwing}
Press: ? - help, Q - select action, (/) - cycle Shift-Dir - straight line, f/p - two-headed ogre
Aim: a two-headed ogre, wielding two +0 giant clubs (lightly wounded, 74% to hit)
You throw a boomerang {throwing}.
The boomerang {throwing} hits the two-headed ogre!
You slash the two-headed ogre!
The two-headed ogre hits you but does no damage.
The two-headed ogre completely misses you.
You hit the two-headed ogre. You headbutt the two-headed ogre!
You hit the two-headed ogre. You hit the yak.
You block the two-headed ogre's attack.
The two-headed ogre hits you but does no damage.
The yak gores you but does no damage.
The deep elf pyromancer mumbles some strange words.
The deep elf pyromancer blinks!
You hit the two-headed ogre.
Your headbutt misses the two-headed ogre.
You hit the yak.
The two-headed ogre hits you with a +0 giant club.
The two-headed ogre closely misses you. The yak gores you! 😕 HP[-11]
You take 11 damage, and now have 68/79 hp.
You hit the two-headed ogre but do no damage.
You headbutt the two-headed ogre! You hit the yak.
You closely miss the deep elf pyromancer.
The yak gores you but does no damage.
The deep elf pyromancer mumbles some strange words.
You block the two-headed ogre's attack.
The two-headed ogre hits you with a +0 giant club. 😕 HP[-5]
You take 5 damage, and now have 63/79 hp.
You hit the two-headed ogre. You hit the yak.
You closely miss the deep elf pyromancer.
You block the yak's attack.
You block the deep elf pyromancer's attack.
You barely miss the two-headed ogre. You slash the yak!
You completely miss the deep elf pyromancer.
The two-headed ogre hits you with a +0 giant club.
The two-headed ogre hits you with a +0 giant club!
The yak gores you!
The deep elf pyromancer closely misses you. 😮 HP[-20]
You take 20 damage, and now have 43/79 hp.
MASSIVE DAMAGE!! (PAUSE)
You slash the two-headed ogre! You headbutt the two-headed ogre.
You kill the two-headed ogre!
You miss the deep elf pyromancer. You hit the fire elemental.
You barely miss the yak. You block the fire elemental's attack.
You block the yak's attack.
The deep elf pyromancer mumbles some strange words.
The deep elf pyromancer blinks!
The fire elemental hits you. The fire elemental burns you!
* * * LOW HITPOINT WARNING * * *
You have reached level 10! 😨 HP[-6] MP[+1]
You now have 86 max hp (+7).
Your mp is fully restored (15).
You block the yak's attack.
The deep elf pyromancer gestures at you while chanting.
The pyre arrow hits you.
You are covered in intense liquid fire!
You hear an angry hiss.
Things that are here:
a +0 giant club {mace}; a +0 giant club {mace} You shake off some of the fire as you move.
The liquid fire burns you!
* * * LOW HITPOINT WARNING * * *
The deep elf pyromancer gestures wildly while chanting.
The deep elf pyromancer blinks!
You hear an angry hiss. 😨 HP[-13]
You take 13 damage, and now have 24/86 hp.
You shake off the liquid fire.
The fire elemental barely misses you. The yak attacks as it pursues you!
You block the yak's attack. 😨 HP[+1]
The yak attacks as it pursues you! The yak closely misses you.
The fire elemental hits you.
* * * LOW HITPOINT WARNING * * *
The fire elemental burns you!
* * * LOW HITPOINT WARNING * * *
There is a stone staircase leading up here. 😱 HP[-14]
You take 14 damage, and now have 11/86 hp.
The yak gores you!
* * * LOW HITPOINT WARNING * * *
The fire elemental hits you. The fire elemental burns you!
You die...

Skill      XL: |  1  2  3  4  5  6  7  8  9 |
---------------+----------------------------+-----
Axes           | 3 4 5 6 8 9 |  9.5
Fighting       | 4 5 6 7 |  7.5
Armour         | 4 5 6 7 |  7.2
Shields        | 4 5 6 7 |  7.3
Throwing       | 1 2 3 4 |  4.7
Spellcasting   | 1 3 4 |  4.2

Action                     |  1- 3 |  4- 6 |  7- 9 | 10-12 || total
---------------------------+-------+-------+-------+-------++-------
  Melee: War axe           |    92 |   112 |   213 |       ||   417
         Headbutt          |     9 |    30 |    48 |       ||    87
  Throw: Boomerang         |       |       |     4 |       ||     4
    Use: Potion            |       |     3 |       |       ||     3
         Scroll            |       |       |    15 |       ||    15
 Armour: Scale mail        |    71 |   103 |    98 |       ||   272
         Chain mail        |       |       |   140 |     5 ||   145
  Dodge: Dodged            |    33 |    54 |   102 |     2 ||   191
         Repelled          |       |     2 |     1 |       ||     3
  Block: Buckler           |    24 |    40 |    85 |     2 ||   151

Levels and vault maps discovered:
D:1:      zelgadis_glass_arrival_small, layout_basic
D:2:      layout_rooms
D:3:      layout_loops_corners, mainiacjoe_overflow_surrounded_room,
          nicolae_overflow_crystal_walls, nicolae_concentric_dashed_squares_mild
D:4:      layout_basic, minmay_temple_entry_water_ring, enter_ossuary_5
D:5:      layout_loops_ring, lemuel_doored_altar, serial_park_tiny_1,
          nicolae_shop_i_like_big_books, lightli_corner_chamber, uniq_edmund
D:6:      layout_loops_ring, mainiacjoe_overflow_chevrons,
          amethyst_overflow_temple_binary, serial_shops, shop
D:7:      layout_loops_ring, uniq_duvessa
D:8:      minmay_diamond_stairs, layout_layer_cave, minmay_lair_entry_grove,
          uniq_maurice, uniq_maggie
D:9:      layout_roguey [special_room_orc], minmay_hollow_rounded_squares
Temple:   regret_index_temple_waves

Notes
Turn   | Place    | Note
-------+----------+-------------------------------------------
     0 | D:1      | Sanktem7 the Minotaur Fighter began the quest for the Orb.
     0 | D:1      | Reached XP level 1. HP: 19/19 MP: 0/0
     0 | D:1      | magus.rc [v1.9.6]
   315 | D:1      | Reached XP level 2. HP: 24/27 MP: 1/1
   487 | D:1      | Reached skill level 3 in Axes
   651 | D:2      | Reached XP level 3. HP: 33/33 MP: 2/2
   726 | D:2      | Reached skill level 4 in Fighting
   726 | D:2      | Reached skill level 4 in Armour
   726 | D:2      | Reached skill level 4 in Shields
  1082 | D:2      | Reached XP level 4. HP: 39/40 MP: 3/3
  1197 | D:3      | Reached skill level 4 in Axes
  1332 | D:3      | You fall into a shaft and drop 1 floor!
  1338 | D:4      | You pick up a book of Sloth and begin reading...
  1338 | D:4      | You add the spells Frozen Ramparts, Leda's Liquefaction,
                  | Petrify and Metabolic Englaciation to your library.
  1533 | D:4      | Found a sand-covered staircase.
  1538 | Ossuary  | Entered an ossuary
  1602 | Ossuary  | Reached XP level 5. HP: 45/47 MP: 4/4
  1693 | Ossuary  | Reached skill level 5 in Axes
  1693 | Ossuary  | Reached XP level 6. HP: 51/53 MP: 5/5
  1697 | Ossuary  | Reached skill level 1 in Throwing
  1709 | Ossuary  | HP: 13/55 [scorpion zombie (2)]
  1710 | Ossuary  | HP: 5/55 [poisoned by a scorpion]
  1715 | Ossuary  | Reached skill level 5 in Fighting
  1715 | Ossuary  | Reached skill level 5 in Armour
  1715 | Ossuary  | Reached skill level 5 in Shields
  2003 | D:4      | Found a staircase to the Ecumenical Temple.
  2014 | Temple   | Entered the Ecumenical Temple
  2920 | D:3      | Reached XP level 7. HP: 40/61 MP: 6/6
  3023 | D:3      | Found a shadowy altar of Dithmenos.
  3052 | D:3      | Found a broken altar of Ashenzari.
  3504 | D:5      | Entered Level 5 of the Dungeon
  3552 | D:5      | Reached skill level 6 in Axes
  3606 | D:5      | Noticed Edmund
  3612 | D:5      | Killed Edmund
  3613 | D:5      | Reached skill level 2 in Throwing
  3613 | D:5      | Reached skill level 1 in Spellcasting
  3757 | D:5      | Noticed a two-headed ogre
  3757 | D:5      | Noticed a troll
  3841 | D:5      | Reached XP level 8. HP: 68/70 MP: 9/9
  3914 | D:5      | Reached skill level 2 in Spellcasting
  3924 | D:5      | Found Xarr's Tremendous Tomes.
  3931 | D:5      | Reached skill level 7 in Axes
  4094 | D:5      | Reached skill level 6 in Fighting
  4129 | D:5      | Reached skill level 3 in Throwing
  4129 | D:5      | Reached skill level 6 in Armour
  4129 | D:5      | Reached skill level 6 in Shields
  4129 | D:5      | HP: 17/70 [poisoned by a water moccasin]
  4475 | D:5      | Found an ornate altar of the Wu Jian Council.
  5263 | D:6      | Reached skill level 3 in Spellcasting
  5431 | D:6      | Found a white marble altar of Elyvilon.
  5454 | D:6      | Reached skill level 8 in Axes
  5618 | D:6      | Found Xofam's Antique Armour Shop.
  5865 | D:6      | Found a stormy altar of Qazlal.
  5868 | D:6      | You pick up a book of Battle and begin reading...
  5868 | D:6      | You add the spells Fugue of the Fallen, Ozocubu's Armour
                  | and Manifold Assault to your library.
  5876 | D:6      | Found an iron altar of Okawaru.
  5918 | D:6      | Bought a pair of gloves for 117 gold pieces
  6276 | D:7      | Reached XP level 9. HP: 78/78 MP: 12/12
  6279 | D:7      | Noticed Dowan
  6280 | D:7      | Noticed Duvessa
  6299 | D:7      | Killed Duvessa
  6299 | D:7      | HP: 14/78 [Dowan/shard of ice (24)]
  6301 | D:7      | Killed Dowan
  6906 | D:8      | Noticed a komodo dragon
  6916 | D:8      | Killed a komodo dragon
  6917 | D:8      | Reached skill level 4 in Throwing
  6920 | D:8      | Reached skill level 7 in Fighting
  7167 | D:9      | Found a large runed translucent door.
  7168 | D:9      | Found a large runed translucent door.
  7208 | D:9      | HP: 19/79 [poisoned by a killer bee]
  7410 | D:9      | Found a large runed translucent door.
  7410 | D:9      | Found a large runed translucent door.
  7590 | D:8      | Reached skill level 9 in Axes
  7590 | D:8      | Reached skill level 7 in Shields
  7593 | D:8      | Reached skill level 7 in Armour
  7607 | D:8      | Reached skill level 4 in Spellcasting
  7666 | D:8      | Noticed a deep elf pyromancer
  7666 | D:8      | Noticed a two-headed ogre
  7685 | D:8      | Killed a two-headed ogre
  7686 | D:8      | Reached XP level 10. HP: 37/86 MP: 15/15
  7691 | D:8      | HP: 11/86 [fire elemental[a deep elf pyromancer] (13)]
  7692 | D:8      | HP: 2/86 [yak (9)]
  7692 | D:8      | Slain by a fire elemental

Vanquished Creatures
  A two-headed ogre (D:8)
  A komodo dragon (D:8)
  A wraith (D:8)
  A slime creature (D:8)
  Edmund (D:5)
  4 water moccasins
  Duvessa (D:7)
  A black bear (D:6)
  A sky beast (D:7)
  An ogre (D:6)
  4 centaurs
  A phantom (D:5)
  2 bullfrogs
  4 scorpions
  Dowan (D:7)
  6 killer bees (D:9)
  A howler monkey (D:6)
  2 bombardier beetles
  2 hounds (D:6)
  2 human zombies (Ossuary)
  2 orc priests
  4 iguanas (D:5)
  2 sleepcaps
  3 orc wizards
  4 scorpion zombies (Ossuary)
  3 mummies (Ossuary)
  8 adders
  5 adder zombies (Ossuary)
  2 ribbon worms
  A dart slug (D:2)
  21 orcs
  3 bats
  6 endoplasms
  3 giant cockroaches
  9 goblins
  6 hobgoblins
  6 kobolds
  2 quokkas (D:4)
  6 ball pythons
  A frilled lizard (D:3)
  A gnoll zombie (Ossuary)
  A jackal zombie (Ossuary)
  4 kobold zombies (Ossuary)
  3 rats
144 creatures vanquished.

Table legend:
 A = Non-vault XP
 B = Vault XP
 C = Vault XP percentage of total XP
 D = Non-vault monster count
 E = Vault monster count
 F = Vault count percentage of total count
                 A         B        C        D         E       F
            +---------+---------+-------+---------+---------+-------
      Total |    3397 |    2293 |  40.3 |     116 |      28 |  19.4
            +---------+---------+-------+---------+---------+-------
        D:1 |      18 |       0 |   0.0 |      11 |       0 |   0.0
        D:2 |      97 |       0 |   0.0 |      26 |       0 |   0.0
        D:3 |     100 |       0 |   0.0 |      23 |       0 |   0.0
        D:4 |      71 |       0 |   0.0 |      10 |       0 |   0.0
        D:5 |    1213 |     154 |  11.3 |      23 |       1 |   4.2
        D:6 |     659 |       0 |   0.0 |      10 |       0 |   0.0
        D:7 |     289 |     216 |  42.8 |       3 |       2 |  40.0
        D:8 |     461 |    1447 |  75.8 |       3 |       3 |  50.0
        D:9 |     489 |       0 |   0.0 |       7 |       0 |   0.0
    Ossuary |       0 |     476 | 100.0 |       0 |      22 | 100.0
            +---------+---------+-------+---------+---------+-------

Skill      XL: |  1  2  3  4  5  6  7  8  9 |
---------------+----------------------------+-----
Axes           | 3 4 5 6 8 9 |  9.5
Fighting       | 4 5 6 7 |  7.5
Armour         | 4 5 6 7 |  7.2
Shields        | 4 5 6 7 |  7.3
Throwing       | 1 2 3 4 |  4.7
Spellcasting   | 1 3 4 |  4.2

Action                     |  1- 3 |  4- 6 |  7- 9 | 10-12 || total
---------------------------+-------+-------+-------+-------++-------
  Melee: War axe           |    92 |   112 |   213 |       ||   417
         Headbutt          |     9 |    30 |    48 |       ||    87
  Throw: Boomerang         |       |       |     4 |       ||     4
    Use: Potion            |       |     3 |       |       ||     3
         Scroll            |       |       |    15 |       ||    15
 Armour: Scale mail        |    71 |   103 |    98 |       ||   272
         Chain mail        |       |       |   140 |     5 ||   145
  Dodge: Dodged            |    33 |    54 |   102 |     2 ||   191
         Repelled          |       |     2 |     1 |       ||     3
  Block: Buckler           |    24 |    40 |    85 |     2 ||   151

Illustrated notes

Table legend:
 A = Kills in this place as a percentage of kills in the entire game.
 B = Kills by you in this place as a percentage of kills by you in the entire game.
 C = Kills by friends in this place as a percentage of kills by friends in the entire game.
 D = Other kills in this place as a percentage of other kills in the entire game.
 E = Experience gained in this place as a percentage of experience gained in the entire game.
 F = Experience gained in this place divided by the number of levels of this place that you have seen.
                   A       B       C       D       E      F
               +-------+-------+-------+-------+-------+----------------------
         Total | 100.0 | 100.0 |   N/A |   N/A | 100.0 | 517.3
       Dungeon |  84.7 |  84.7 |   N/A |   N/A |  91.6 | 579.3
       Ossuary |  15.3 |  15.3 |   N/A |   N/A |   8.4 | 476.0
               +-------+-------+-------+-------+-------+----------------------

Table legend: (Time is in decaauts)
 A = Elapsed time spent in this place.
 B = Non-inter-level travel time spent in this place.
 C = Inter-level travel time spent in this place.
 D = Time resting spent in this place.
 E = Time spent auto-exploring this place.
 F = Levels seen in this place.
 G = Mean time per level.
                   A        B        C        D        E       F      G
               +--------+--------+--------+--------+--------+-----+--------+
         Total |   7796 |   7505 |    291 |    371 |   5855 |  11 |  708.7 |
       Dungeon |   7324 |   7073 |    251 |    236 |   5788 |   9 |  813.8 |
        Temple |     94 |     54 |     40 |      0 |      0 |   1 |   94.0 |
       Ossuary |    376 |    376 |      0 |    135 |     67 |   1 |  376.0 |
               +--------+--------+--------+--------+--------+-----+--------+

Top non-repeatable levels by time:
     D:5: 1470 daAuts
     D:6: 1075 daAuts
     D:3: 939 daAuts
     D:4: 935 daAuts
     D:7: 866 daAuts
     D:2: 631 daAuts
     D:1: 598 daAuts
     D:8: 468 daAuts
 Ossuary: 376 daAuts
     D:9: 338 daAuts
  Temple: 94 daAuts
